| TOP OF THE 1ST |
|
Fargo Brewmasters batting - Pitching for Bozeman Pheasants : RHP Fernando Gonzalez
|
|
Pitching: RHP Fernando Gonzalez
|
|
|
Batting: SHB Angel Escobar
|
0-0: Foul Ball, location: 2F 0-1: Swinging Strike 0-2: Strikes out swinging
|
|
Batting: LHB Victor Fernandez
|
0-0: Ball 1-0: Ball 2-0: Swinging Strike 2-1: Foul Ball, location: 2F 2-2: Foul Ball, location: 2F 2-2: Foul Ball, location: 2F 2-2: Foul Ball, location: 2F 2-2: Ball 3-2: Base on Balls
|
|
Batting: RHB Forace Oxendine
|
0-0: Ball 1-0: Foul Ball, location: 2F 1-1: Swinging Strike 1-2: Strikes out swinging
|
|
Batting: RHB Dick E Scott
|
0-0: Ball 1-0: Fly out, F3 (Popup, 3S, EV 83.8 MPH)
|
| Top of the 1st over - 0 runs, 0 hits, 0 errors, 1 left on base; Fargo 0 - Bozeman 0 |
| BOTTOM OF THE 1ST |
|
Bozeman Pheasants batting - Pitching for Fargo Brewmasters : RHP Julio Solano
|
|
Pitching: RHP Julio Solano
|
|
|
Batting: RHB Willie Picchioni
|
0-0: Ball 1-0: Ground out 4-3 (Groundball, 4S, EV 73.1 MPH)
|
|
Batting: LHB Billy Fink
|
0-0: Ground out 4-3 (Groundball, 4, EV 85.0 MPH)
|
|
Batting: RHB Terry McGriff
|
0-0: Called Strike 0-1: Swinging Strike 0-2: Fly out, F3 (Flyball, 3D, EV 83.1 MPH)
|
| Bottom of the 1st over - 0 runs, 0 hits, 0 errors, 0 left on base; Fargo 0 - Bozeman 0 |
| TOP OF THE 2ND |
|
Fargo Brewmasters batting - Pitching for Bozeman Pheasants : RHP Fernando Gonzalez
|
|
Batting: RHB Gus Polidor
|
0-0: Foul Ball, location: 2F 0-1: Foul Ball, location: 2F 0-2: Ball 1-2: Ground out 4-3 (Groundball, 4, EV 85.0 MPH)
|
|
Batting: RHB Juan Picart
|
0-0: Ball 1-0: Reached on error, E5 (Groundball, 56, EV 100.0 MPH)
|
|
Batting: LHB Nunzio Bartoli
|
0-0: Swinging Strike 0-1: Ball 1-1: Called Strike 1-2: Strikes out looking
|
|
Batting: RHB Randall Thorpe
|
0-0: Ball 1-0: Fly out, F7 (Flyball, 7, EV 91.3 MPH)
|
| Top of the 2nd over - 0 runs, 0 hits, 1 error, 1 left on base; Fargo 0 - Bozeman 0 |
| BOTTOM OF THE 2ND |
|
Bozeman Pheasants batting - Pitching for Fargo Brewmasters : RHP Julio Solano
|
|
Batting: LHB David Nix
|
0-0: Ball 1-0: Ball 2-0: Ball 3-0: Base on Balls
|
|
Batting: LHB Steve Padia
|
0-0: Called Strike 0-1: Ground out 3-1 (Groundball, 23, EV 81.3 MPH) David Nix to second
|
|
Batting: LHB Russ Orrick
|
0-0: Fly out, F8 (Flyball, 8LS, EV 90.0 MPH)
|
|
Batting: RHB Tom Duggan
|
0-0: Ball 1-0: Called Strike 1-1: Ball 2-1: Foul Ball, location: 2F 2-2: Foul Ball, location: 2F 2-2: Foul Ball, location: 2F 2-2: Foul Ball, location: 2F 2-2: Foul Ball, location: 2F 2-2: Foul Ball, location: 2F 2-2: Fly out, F9 (Line Drive, 9D, EV 88.8 MPH)
|
| Bottom of the 2nd over - 0 runs, 0 hits, 0 errors, 1 left on base; Fargo 0 - Bozeman 0 |
| TOP OF THE 3RD |
|
Fargo Brewmasters batting - Pitching for Bozeman Pheasants : RHP Fernando Gonzalez
|
|
Batting: RHB David Gaunce
|
0-0: Foul Ball, location: 2F 0-1: Ball 1-1: Foul Ball, location: 2F 1-2: Ground out 6-3 (Groundball, 6, EV 77.5 MPH)
|
|
Batting: SHB Angel Escobar
|
0-0: Foul Ball, location: 2F 0-1: Ball 1-1: Swinging Strike 1-2: Strikes out looking
|
|
Batting: LHB Victor Fernandez
|
0-0: Foul Ball, location: 2F 0-1: Called Strike 0-2: Ball 1-2: Ball 2-2: Ground out 1-3 (Groundball, 34S, EV 60.0 MPH)
|
| Top of the 3rd over - 0 runs, 0 hits, 0 errors, 0 left on base; Fargo 0 - Bozeman 0 |
| BOTTOM OF THE 3RD |
|
Bozeman Pheasants batting - Pitching for Fargo Brewmasters : RHP Julio Solano
|
|
Batting: RHB Greg Toler
|
0-0: Ball 1-0: Swinging Strike 1-1: Called Strike 1-2: Ground out 2-3 (Groundball, 15S, EV 69.4 MPH)
|
|
Batting: RHB John Duncan
|
0-0: Ball 1-0: Ball 2-0: Ball 3-0: Called Strike 3-1: Fly out, F6 (Popup, 6S, EV 65.0 MPH)
|
|
Batting: RHB Willie Picchioni
|
0-0: SINGLE (Groundball, 6S, EV 75.0 MPH) (infield hit)
|
|
Batting: LHB Billy Fink
|
0-0: Called Strike 0-1: Ball 1-1: Ball 2-1: Ball 3-1: Called Strike 3-2: Foul Ball, location: 2F 3-2: Base on Balls Willie Picchioni to second
|
|
Batting: RHB Terry McGriff
|
0-0: Ball 1-0: Called Strike 1-1: Called Strike 1-2: Ball 2-2: Ball 3-2: Strikes out swinging
|
| Bottom of the 3rd over - 0 runs, 1 hit, 0 errors, 2 left on base; Fargo 0 - Bozeman 0 |
| TOP OF THE 4TH |
|
Fargo Brewmasters batting - Pitching for Bozeman Pheasants : RHP Fernando Gonzalez
|
|
Batting: RHB Forace Oxendine
|
0-0: Ball 1-0: SINGLE (Line Drive, 7S, EV 107.5 MPH)
|
|
Batting: RHB Dick E Scott
|
0-0: Ball 1-0: Swinging Strike 1-1: Called Strike 1-2: Strikes out swinging
|
|
Batting: RHB Gus Polidor
|
0-0: Fly out, F9 (Flyball, 89S, EV 90.6 MPH)
|
|
Batting: RHB Juan Picart
|
0-0: Ball 1-0: Ball 2-0: Fly out, F2 (Popup, 23F, EV 81.9 MPH)
|
| Top of the 4th over - 0 runs, 1 hit, 0 errors, 1 left on base; Fargo 0 - Bozeman 0 |
| BOTTOM OF THE 4TH |
|
Bozeman Pheasants batting - Pitching for Fargo Brewmasters : RHP Julio Solano
|
|
Batting: LHB David Nix
|
0-0: Foul Ball, location: 2F 0-1: Ball 1-1: Ball 2-1: Ground out 6-3 (Groundball, 6, EV 106.9 MPH)
|
|
Batting: LHB Steve Padia
|
0-0: Foul Ball, location: 2F 0-1: Ball 1-1: Ground out 1-3 (Groundball, 34S, EV 68.8 MPH)
|
|
Batting: LHB Russ Orrick
|
0-0: Ball 1-0: Ball 2-0: Ball 3-0: Base on Balls
|
|
Batting: RHB Tom Duggan
|
0-0: Ball 1-0: Ball 2-0: Called Strike 2-1: Ground out 4-3 (Groundball, 4, EV 101.3 MPH)
|
| Bottom of the 4th over - 0 runs, 0 hits, 0 errors, 1 left on base; Fargo 0 - Bozeman 0 |
| TOP OF THE 5TH |
|
Fargo Brewmasters batting - Pitching for Bozeman Pheasants : RHP Fernando Gonzalez
|
|
Batting: LHB Nunzio Bartoli
|
0-0: Ball 1-0: Swinging Strike 1-1: Foul Ball, location: 2F 1-2: Ball 2-2: Strikes out looking
|
|
Batting: RHB Randall Thorpe
|
0-0: Ball 1-0: Ball 2-0: Ball 3-0: Called Strike 3-1: Reached on error, E5 (Groundball, 56S, EV 85.0 MPH)
|
|
Batting: RHB David Gaunce
|
0-0: Ball 1-0: Grounds into double play, 5-4-3 (Groundball, 56, EV 97.5 MPH)
|
| Top of the 5th over - 0 runs, 0 hits, 1 error, 0 left on base; Fargo 0 - Bozeman 0 |
| BOTTOM OF THE 5TH |
|
Bozeman Pheasants batting - Pitching for Fargo Brewmasters : RHP Julio Solano
|
|
Batting: RHB Greg Toler
|
0-0: Called Strike 0-1: Swinging Strike 0-2: Strikes out swinging
|
|
Batting: RHB John Duncan
|
0-0: Called Strike 0-1: Foul Ball, location: 2F 0-2: Foul Ball, location: 2F 0-2: Ball 1-2: Foul Ball, location: 2F 1-2: Ball 2-2: Ball 3-2: SINGLE (Groundball, 34D, EV 97.5 MPH)
|
|
Batting: RHB Willie Picchioni
|
0-0: Ball 1-0: Ball 2-0: Ball 3-0: Base on Balls John Duncan to second
|
|
Batting: LHB Billy Fink
|
0-0: Called Strike 0-1: Ball 1-1: Ball 2-1: Foul Ball, location: 2F 2-2: Foul Ball, location: 2F 2-2: Foul Ball, location: 2F 2-2: Strikes out swinging
|
|
Batting: RHB Terry McGriff
|
0-0: Called Strike 0-1: Ball 1-1: SINGLE (Groundball, P, EV 92.5 MPH) (infield hit) John Duncan to third Willie Picchioni to second
|
|
Batting: LHB David Nix
|
0-0: Ball 1-0: Fly out, F8 (Flyball, 89D, EV 90.6 MPH)
|
| Bottom of the 5th over - 0 runs, 2 hits, 0 errors, 3 left on base; Fargo 0 - Bozeman 0 |
| TOP OF THE 6TH |
|
Fargo Brewmasters batting - Pitching for Bozeman Pheasants : RHP Fernando Gonzalez
|
|
Batting: SHB Angel Escobar
|
0-0: Fly out, F9 (Flyball, 9, EV 96.3 MPH)
|
|
Batting: LHB Victor Fernandez
|
0-0: Ball 1-0: Fly out, F8 (Flyball, 78D, EV 89.4 MPH)
|
|
Batting: RHB Forace Oxendine
|
0-0: Called Strike 0-1: Called Strike 0-2: Strikes out swinging
|
| Top of the 6th over - 0 runs, 0 hits, 0 errors, 0 left on base; Fargo 0 - Bozeman 0 |
| BOTTOM OF THE 6TH |
|
Bozeman Pheasants batting - Pitching for Fargo Brewmasters : RHP Julio Solano
|
|
Batting: LHB Steve Padia
|
0-0: Foul Ball, location: 2F 0-1: Ball 1-1: Ball 2-1: DOUBLE (Line Drive, 7LS, EV 99.4 MPH)
|
|
Batting: LHB Russ Orrick
|
0-0: Called Strike 0-1: Ball 1-1: Called Strike 1-2: Foul Ball, location: 2F 1-2: Ground out 4-3 (Groundball, 13, EV 87.5 MPH) Steve Padia to third
|
|
Batting: RHB Tom Duggan
|
0-0: Ball 1-0: Foul Ball, location: 2F 1-1: Ball 2-1: DOUBLE (Flyball, 89D, EV 99.4 MPH) Steve Padia scores
|
|
Pitching: RHP John Christiansen
|
|
|
Batting: RHB Greg Toler
|
0-0: Ball 1-0: Swinging Strike 1-1: Called Strike 1-2: Fly out, F9 (Flyball, 9S, EV 90.0 MPH)
|
|
Batting: RHB John Duncan
|
0-0: Called Strike 0-1: Fly out, F4 (Popup, 3D, EV 63.8 MPH)
|
| Bottom of the 6th over - 1 run, 2 hits, 0 errors, 1 left on base; Fargo 0 - Bozeman 1 |
| TOP OF THE 7TH |
|
Fargo Brewmasters batting - Pitching for Bozeman Pheasants : RHP Fernando Gonzalez
|
|
Batting: RHB Dick E Scott
|
0-0: Fly out, F7 (Line Drive, 7, EV 98.1 MPH)
|
|
Batting: RHB Gus Polidor
|
0-0: Fly out, F8 (Line Drive, 8RM, EV 86.3 MPH)
|
|
Batting: RHB Juan Picart
|
0-0: Ball 1-0: Foul Ball, location: 2F 1-1: Ball 2-1: Foul Ball, location: 2F 2-2: Strikes out swinging
|
| Top of the 7th over - 0 runs, 0 hits, 0 errors, 0 left on base; Fargo 0 - Bozeman 1 |
| BOTTOM OF THE 7TH |
|
Bozeman Pheasants batting - Pitching for Fargo Brewmasters : RHP John Christiansen
|
|
Batting: RHB Willie Picchioni
|
0-0: Ball 1-0: Ball 2-0: Ball 3-0: Base on Balls
|
|
Batting: LHB Billy Fink
|
0-0: Ball 1-0: Ball 2-0: Ball 3-0: Base on Balls Willie Picchioni to second
|
|
Batting: RHB Terry McGriff
|
0-0: Called Strike Willie Picchioni steals 3rd base (no throw) Billy Fink to second 0-1: Foul Ball, location: 2F 0-2: SINGLE (Groundball, 34D, EV 106.3 MPH) Willie Picchioni scores Billy Fink to third Runner from 3rd tries for Home, SAFE, throw by RF to home
|
|
Batting: LHB David Nix
|
0-0: Foul Ball, location: 2F 0-1: Ball 1-1: Called Strike 1-2: Ball 2-2: DOUBLE (Line Drive, 7LD, EV 105.0 MPH) Terry McGriff to third
|
|
Batting: LHB Steve Padia
|
0-0: Ball 1-0: Ball 2-0: Foul Ball, location: 2F 2-1: Foul Ball, location: 2F 2-2: 3-RUN HOME RUN (Flyball, 89XD, EV 100.6 MPH), Distance : 420 ft
|
|
Pitching: LHP Michael Bradley
|
|
|
Batting: LHB Russ Orrick
|
0-0: Called Strike 0-1: Fly out, F8 (Flyball, 8LXD, EV 91.9 MPH)
|
|
Batting: RHB Tom Duggan
|
0-0: Ball 1-0: Ground out U3 (Groundball, 34S, EV 70.0 MPH)
|
|
Batting: RHB Greg Toler
|
0-0: DOUBLE (Flyball, 8LD, EV 90.6 MPH)
|
|
Batting: RHB John Duncan
|
0-0: Called Strike 0-1: Ball 1-1: Ball 2-1: Foul Ball, location: 2F 2-2: Fly out, F7 (Flyball, 7LM, EV 93.1 MPH)
|
| Bottom of the 7th over - 5 runs, 4 hits, 0 errors, 1 left on base; Fargo 0 - Bozeman 6 |
| TOP OF THE 8TH |
|
Fargo Brewmasters batting - Pitching for Bozeman Pheasants : RHP Fernando Gonzalez
|
|
Batting: LHB Nunzio Bartoli
|
0-0: Ball 1-0: Called Strike 1-1: Ball 2-1: Foul Ball, location: 2F 2-2: Ball 3-2: Ground out 4-3 (Groundball, 4, EV 83.8 MPH)
|
|
Batting: RHB Randall Thorpe
|
0-0: Ball 1-0: Called Strike 1-1: Reached on error, E5 (Groundball, 56, EV 79.4 MPH)
|
|
Batting: RHB David Gaunce
|
0-0: Foul Ball, location: 2F 0-1: Foul Ball, location: 2F 0-2: Ball 1-2: Ball 2-2: Strikes out looking
|
|
Batting: SHB Angel Escobar
|
0-0: Ball 1-0: Fly out, F8 (Flyball, 8RD, EV 86.9 MPH)
|
| Top of the 8th over - 0 runs, 0 hits, 1 error, 1 left on base; Fargo 0 - Bozeman 6 |
| BOTTOM OF THE 8TH |
|
Bozeman Pheasants batting - Pitching for Fargo Brewmasters : LHP Michael Bradley
|
|
Batting: RHB Willie Picchioni
|
0-0: Ball 1-0: Ball 2-0: Called Strike 2-1: Ground out 5-3 (Groundball, 5, EV 99.4 MPH)
|
|
Batting: LHB Billy Fink
|
0-0: Foul Ball, location: 2F 0-1: Ball 1-1: Called Strike 1-2: SINGLE (Groundball, 3D, EV 93.8 MPH)
|
|
Pitching: RHP Fernando Bautista
|
|
|
Batting: RHB Terry McGriff
|
0-0: Called Strike 0-1: Grounds into double play, 3-6-3 (Groundball, 3, EV 77.5 MPH)
|
| Bottom of the 8th over - 0 runs, 1 hit, 0 errors, 0 left on base; Fargo 0 - Bozeman 6 |
| TOP OF THE 9TH |
|
Fargo Brewmasters batting - Pitching for Bozeman Pheasants : RHP Fernando Gonzalez
|
|
Batting: LHB Victor Fernandez
|
0-0: Ball 1-0: Ball 2-0: Ball 3-0: Called Strike 3-1: Fly out, F7 (Flyball, 7S, EV 80.0 MPH)
|
|
Batting: RHB Forace Oxendine
|
0-0: Called Strike 0-1: Ball 1-1: Ball 2-1: Swinging Strike 2-2: Ball 3-2: Base on Balls
|
|
Batting: RHB Dick E Scott
|
0-0: Called Strike 0-1: Ball 1-1: Foul Ball, location: 2F 1-2: Foul Ball, location: 2F 1-2: Strikes out swinging
|
|
Batting: RHB Gus Polidor
|
0-0: Ball 1-0: Swinging Strike 1-1: Foul Ball, location: 2F 1-2: Ball 2-2: Ball 3-2: Strikes out looking
|
| Top of the 9th over - 0 runs, 0 hits, 0 errors, 1 left on base; Fargo 0 - Bozeman 6 |
|